[Event "9th RTU Open 2019"]
[Site "Riga"]
[Date "2019.08.08"]
[Round "5.4"]
[White "Gajewski, Grzegorz"]
[Black "Grigorov, Grigor"]
[Result "1/2-1/2"]
[ECO "D02"]
[WhiteElo "2613"]
[BlackElo "2501"]
[Annotator "ChessBase"]
[PlyCount "101"]
[EventDate "2019.08.05"]
[EventType "swiss"]
[EventCountry "LAT"]
[SourceTitle "playchess.com"]
[Source "ChessBase"]
[SourceQuality "1"]
[TimeControl "5400+30"]

1. d4 Nf6 2. Nf3 e6 3. Bf4 d5 4. e3 Bd6 5. Ne5 O-O 6. Nd2 c5 7. c3 Qc7 8. Bd3 Nc6 9. Ndf3 Ne4 10. O-O f6 11. Nxc6 Bxf4 12. exf4 bxc6 13. g3 Qb6 14. Bxe4 dxe4 15. dxc5 Qxc5 16. Qd4 Qf5 17. Nh4 Qd5 18. Qa4 e3 19. fxe3 Qd2 20. Rf2 Qxe3 21. Qxc6 Rb8 22. Ng2 Qd3 23. Re1 Rb6 24. Qe4 Qd7 25. c4 Rd6 26. c5 Rd4 27. Qe3 Rd8 28. a3 a5 29. Qc3 Qb5 30. Rc2 Rd3 31. Qc4 Qxc4 32. Rxc4 Rd2 33. b4 axb4 34. axb4 Rb2 35. c6 Rdd2 36. Ne3 Kf7 37. c7 Ke8 38. Rd1 Rxd1+ 39. Nxd1 Rb1 40. Rd4 Bd7 41. Kf2 Rc1 42. b5 Rxc7 43. b6 Rb7 44. Rb4 Ke7 45. Nb2 Kd6 46. Ke3 Kc5 47. Nd3+ Kc6 48. Rc4+ Kxb6 49. Nc5 Ra7 50. Nxd7+ Rxd7 51. Rc8 1/2-1/2

[Event "9th RTU Open 2019"]
[Site "Riga"]
[Date "2019.08.08"]
[Round "5.5"]
[White "Sulskis, Sarunas"]
[Black "Svane, Rasmus"]
[Result "1-0"]
[ECO "C88"]
[WhiteElo "2528"]
[BlackElo "2615"]
[Annotator "ChessBase"]
[PlyCount "161"]
[EventDate "2019.08.05"]
[EventType "swiss"]
[EventCountry "LAT"]
[SourceTitle "playchess.com"]
[Source "ChessBase"]
[SourceQuality "1"]
[TimeControl "5400+30"]

1. e4 e5 2. Nf3 Nc6 3. Bb5 a6 4. Ba4 Nf6 5. O-O Be7 6. Re1 b5 7. Bb3 O-O 8. d4 Nxd4 9. Bxf7+ Rxf7 10. Nxe5 Rf8 11. Qxd4 Bb7 12. Nc3 c5 13. Qd1 b4 14. Nd5 Nxd5 15. exd5 Bd6 16. c4 bxc3 17. bxc3 Rxf2 18. Nf3 Rxf3 19. gxf3 Qf6 20. Re4 Qg6+ 21. Rg4 Qh5 22. Bf4 Bxf4 23. Rxf4 Bxd5 24. Qd3 Be6 25. Kh1 Rb8 26. Qd6 Re8 27. Rg1 Qd5 28. Qxd5 Bxd5 29. Rg5 Bxa2 30. Rxc5 Be6 31. Kg2 Rb8 32. Rb4 Ra8 33. Kg3 Kf7 34. h4 g6 35. Rb6 h5 36. Kf4 Kg7 37. Ke3 Kf7 38. Ra5 Rc8 39. Kd2 Rc4 40. Rb4 Rc6 41. Rd4 Ke7 42. Ra3 Bc4 43. Ke3 d5 44. Kf4 Kf6 45. Kg3 Re6 46. Rf4+ Ke7 47. Ra1 Re3 48. Rb1 Bb5 49. Rc1 Re6 50. Rd4 Re5 51. Rdd1 Rf5 52. Rd2 Re5 53. Kf2 Kf6 54. Re1 Rxe1 55. Kxe1 Bc4 56. Rb2 Bb5 57. Kf2 Kf5 58. Ke3 Bc4 59. Rb8 Bb5 60. Kd4 Bc4 61. Rf8+ Ke6 62. Ke3 Ke5 63. Rg8 Kf5 64. Kd4 Kf6 65. Kc5 Kf7 66. Rb8 Ke6 67. Re8+ Kf7 68. Re1 Kf6 69. Kd6 Bb3 70. Re6+ Kf7 71. Ke5 a5 72. Ra6 a4 73. Ra7+ Ke8 74. Kf6 Kd8 75. Kxg6 Kc8 76. f4 Kb8 77. Ra5 Kc7 78. f5 Kb6 79. f6 d4 80. Rxa4 Bxa4 81. cxd4 1-0

[Event "9th RTU Open 2019"]
[Site "Riga"]
[Date "2019.08.08"]
[Round "5.6"]
[White "Nevednichy, Vladislav"]
[Black "Gopal G.N."]
[Result "1/2-1/2"]
[ECO "B53"]
[WhiteElo "2531"]
[BlackElo "2594"]
[Annotator "ChessBase"]
[PlyCount "104"]
[EventDate "2019.08.05"]
[EventType "swiss"]
[EventCountry "LAT"]
[SourceTitle "playchess.com"]
[Source "ChessBase"]
[SourceQuality "1"]
[TimeControl "5400+30"]

1. e4 c5 2. Nf3 d6 3. d4 cxd4 4. Qxd4 Nf6 5. Bb5+ Bd7 6. c4 g6 7. Nc3 Bg7 8. O-O O-O 9. Qd3 a6 10. Bxd7 Nfxd7 11. Bg5 Nc6 12. Rac1 Rc8 13. b3 h6 14. Be3 Qa5 15. Nd4 e6 16. Rfd1 Rfd8 17. h3 h5 18. Qd2 Kh7 19. Rc2 Kg8 20. Nce2 Qxd2 21. Rcxd2 Nxd4 22. Nxd4 Nf6 23. f3 Ne8 24. a4 Rd7 25. Ne2 Rdc7 26. Kf2 Kf8 27. g4 hxg4 28. hxg4 Ke7 29. g5 Rc6 30. Rh1 b6 31. f4 Rb8 32. Kf3 b5 33. cxb5 axb5 34. a5 b4 35. Rc1 Rxc1 36. Nxc1 Nc7 37. Rc2 Kd7 38. Bb6 Na6 39. Nd3 Rh8 40. e5 dxe5 41. Nc5+ Nxc5 42. Rxc5 Rc8 43. fxe5 Rxc5 44. Bxc5 Bxe5 45. Bxb4 Kc6 46. Ke4 Bg3 47. Bd2 Kb5 48. b4 Bd6 49. Kd4 Bc7 50. Ke4 Bd6 51. Kd4 Bc7 52. Ke4 Bd6 1/2-1/2

[Event "9th RTU Open 2019"]
[Site "Riga"]
[Date "2019.08.08"]
[Round "5.7"]
[White "Laurusas, Tomas"]
[Black "Michalik, Peter"]
[Result "1/2-1/2"]
[ECO "D38"]
[WhiteElo "2511"]
[BlackElo "2573"]
[Annotator "ChessBase"]
[PlyCount "21"]
[EventDate "2019.08.05"]
[EventType "swiss"]
[EventCountry "LAT"]
[SourceTitle "playchess.com"]
[Source "ChessBase"]
[SourceQuality "1"]
[TimeControl "5400+30"]

1. d4 Nf6 2. c4 e6 3. Nf3 d5 4. Nc3 Bb4 5. cxd5 exd5 6. Bg5 h6 7. Bh4 Bf5 8. e3 Nbd7 9. Bd3 Bxd3 10. Qxd3 c6 11. O-O 1/2-1/2

[Event "9th RTU Open 2019"]
[Site "Riga"]
[Date "2019.08.08"]
[Round "5.8"]
[White "Theodorou, Nikolas"]
[Black "Salomon, Johan"]
[Result "1/2-1/2"]
[ECO "A30"]
[WhiteElo "2543"]
[BlackElo "2514"]
[Annotator "ChessBase"]
[PlyCount "78"]
[EventDate "2019.08.05"]
[EventType "swiss"]
[EventCountry "LAT"]
[SourceTitle "playchess.com"]
[Source "ChessBase"]
[SourceQuality "1"]
[TimeControl "5400+30"]

1. Nf3 c5 2. c4 Nc6 3. g3 g6 4. d4 cxd4 5. Nxd4 Bg7 6. Nc2 d6 7. Bg2 h5 8. h4 Nh6 9. Nc3 Bxc3+ 10. bxc3 Ng4 11. O-O O-O 12. Nb4 Bd7 13. Rb1 Rb8 14. Bf4 Qa5 15. Qd5 Qxd5 16. cxd5 Na5 17. f3 Ne5 18. Bxe5 dxe5 19. Nd3 f6 20. Nc5 Rfd8 21. f4 exf4 22. gxf4 Bg4 23. Kf2 Rdc8 24. Rb5 b6 25. Rfb1 Nc4 26. Na6 Na3 27. Nxb8 Rxb8 28. Be4 Rc8 29. R5b3 Nxb1 30. Bxb1 Rc4 31. Ke3 Bf5 32. Bxf5 gxf5 33. Ra3 a5 34. Rb3 a4 35. Rxb6 Rxc3+ 36. Kd2 Ra3 37. Rb2 Rh3 38. Rb4 Ra3 39. Rb2 Rh3 1/2-1/2

[Event "9th RTU Open 2019"]
[Site "Riga"]
[Date "2019.08.08"]
[Round "5.9"]
[White "Lobanov, Sergei"]
[Black "Meshkovs, Nikita"]
[Result "1/2-1/2"]
[ECO "C83"]
[WhiteElo "2505"]
[BlackElo "2550"]
[Annotator "ChessBase"]
[PlyCount "93"]
[EventDate "2019.08.05"]
[EventType "swiss"]
[EventCountry "LAT"]
[SourceTitle "playchess.com"]
[Source "ChessBase"]
[SourceQuality "1"]
[TimeControl "5400+30"]

1. e4 e5 2. Nf3 Nc6 3. Bb5 a6 4. Ba4 Nf6 5. O-O Nxe4 6. d4 b5 7. Bb3 d5 8. dxe5 Be6 9. Nbd2 Nc5 10. c3 Be7 11. Bc2 d4 12. Nb3 d3 13. Bb1 Nxb3 14. axb3 Bf5 15. Be3 O-O 16. Re1 h6 17. Bd4 Nxd4 18. Nxd4 Bg6 19. Bxd3 Bxd3 20. Nc6 Qd7 21. Nxe7+ Qxe7 22. Qxd3 Rfd8 23. Qe4 Qe6 24. b4 Rd5 25. Rad1 Rad8 26. Rxd5 Qxd5 27. Qxd5 Rxd5 28. f4 c5 29. bxc5 Rxc5 30. Ra1 b4 31. cxb4 Rc4 32. f5 Rxb4 33. Rxa6 Rxb2 34. Ra8+ Kh7 35. g4 Re2 36. Re8 h5 37. gxh5 Re4 38. Re7 Rg4+ 39. Kh1 Kg8 40. h6 gxh6 41. Re8+ Kh7 42. Re7 Kg8 43. f6 h5 44. h3 Rf4 45. Kg2 h4 46. Ra7 Rf5 47. Ra4 1/2-1/2

[Event "9th RTU Open 2019"]
[Site "Riga"]
[Date "2019.08.08"]
[Round "5.10"]
[White "Hirneise, Tobias"]
[Black "Deepan Chakkravarthy J."]
[Result "0-1"]
[ECO "A70"]
[WhiteElo "2459"]
[BlackElo "2532"]
[Annotator "ChessBase"]
[PlyCount "56"]
[EventDate "2019.08.05"]
[EventType "swiss"]
[EventCountry "LAT"]
[SourceTitle "playchess.com"]
[Source "ChessBase"]
[SourceQuality "1"]
[TimeControl "5400+30"]

1. d4 Nf6 2. c4 e6 3. Nf3 c5 4. d5 exd5 5. cxd5 d6 6. Nc3 g6 7. h3 Bg7 8. e4 O-O 9. Bg5 h6 10. Be3 Na6 11. Bxa6 bxa6 12. O-O Re8 13. Qc2 Rb8 14. Nd2 a5 15. Rfe1 Ba6 16. Bf4 Qc7 17. Nf3 Nd7 18. Rac1 g5 19. Bh2 c4 20. a4 Rb4 21. e5 Nxe5 22. Bxe5 dxe5 23. h4 Qb6 24. Qe4 Rxb2 25. Nd1 Rb4 26. hxg5 c3 27. Qc2 e4 28. gxh6 Qxh6 0-1

[Event "9th RTU Open 2019"]
[Site "Riga"]
[Date "2019.08.08"]
[Round "5.11"]
[White "Bauer, Christian"]
[Black "Vogel, Roven"]
[Result "1/2-1/2"]
[ECO "B10"]
[WhiteElo "2646"]
[BlackElo "2456"]
[Annotator "ChessBase"]
[PlyCount "53"]
[EventDate "2019.08.05"]
[EventType "swiss"]
[EventCountry "LAT"]
[SourceTitle "playchess.com"]
[Source "ChessBase"]
[SourceQuality "1"]
[TimeControl "5400+30"]

1. e4 c6 2. Nf3 d5 3. exd5 cxd5 4. Ne5 Nc6 5. d4 a6 6. Bf4 e6 7. c3 Bd6 8. Qg4 Kf8 9. Bd3 f6 10. Nxc6 bxc6 11. Qg3 e5 12. dxe5 Qe7 13. e6 Qxe6+ 14. Kf1 Bxf4 15. Qxf4 Ne7 16. Nd2 Qe5 17. Qb4 Rb8 18. Qa3 Kf7 19. Re1 Qc7 20. h4 Ng6 21. Nc4 c5 22. Ne3 Be6 23. c4 d4 24. Nd5 Qd6 25. Be4 Ne5 26. b3 f5 27. Bb1 1/2-1/2

[Event "9th RTU Open 2019"]
[Site "Riga"]
[Date "2019.08.08"]
[Round "5.12"]
[White "Korchmar, Vasiliy"]
[Black "Tari, Aryan"]
[Result "1/2-1/2"]
[ECO "D91"]
[WhiteElo "2424"]
[BlackElo "2620"]
[Annotator "ChessBase"]
[PlyCount "48"]
[EventDate "2019.08.05"]
[EventType "swiss"]
[EventCountry "LAT"]
[SourceTitle "playchess.com"]
[Source "ChessBase"]
[SourceQuality "1"]
[TimeControl "5400+30"]

1. d4 Nf6 2. c4 g6 3. Nc3 d5 4. Bg5 c5 5. Nf3 dxc4 6. e3 Bg7 7. Bxc4 O-O 8. O-O cxd4 9. Nxd4 Nbd7 10. Rc1 Qa5 11. Bh4 Ne5 12. Bb3 Bg4 13. f3 Bd7 14. Qe2 Nc6 15. Rfd1 Rfd8 16. Nxc6 Bxc6 17. e4 Rxd1+ 18. Rxd1 e6 19. Qd2 Nd7 20. Bf2 Nc5 21. Bc4 Qb4 22. Bf1 b6 23. Qc2 Rc8 24. Be1 Ba4 1/2-1/2

[Event "9th RTU Open 2019"]
[Site "Riga"]
[Date "2019.08.08"]
[Round "5.13"]
[White "Smirin, Ilia"]
[Black "Krivonosov, Oleg"]
[Result "1/2-1/2"]
[ECO "C54"]
[WhiteElo "2594"]
[BlackElo "2416"]
[Annotator "ChessBase"]
[PlyCount "95"]
[EventDate "2019.08.05"]
[EventType "swiss"]
[EventCountry "LAT"]
[SourceTitle "playchess.com"]
[Source "ChessBase"]
[SourceQuality "1"]
[TimeControl "5400+30"]

1. e4 e5 2. Nf3 Nc6 3. Bc4 Bc5 4. O-O d6 5. c3 Nf6 6. d3 h6 7. Nbd2 O-O 8. b4 Bb6 9. a4 a6 10. Bb3 Re8 11. Nc4 Ba7 12. b5 Ne7 13. Be3 Bxe3 14. Nxe3 Ng6 15. b6 c6 16. a5 Be6 17. Bxe6 Rxe6 18. Nd2 Qd7 19. Nb3 Ree8 20. f3 Rad8 21. Qc2 d5 22. Rad1 Qc8 23. Nc5 Nd7 24. d4 Nxc5 25. dxc5 Ne7 26. Rfe1 Qe6 27. h3 h5 28. Qf2 g6 29. Kh2 f5 30. exd5 cxd5 31. f4 e4 32. Nc2 Kf7 33. Nd4 Qf6 34. Qa2 Nc6 35. Re2 Kg7 36. Qa4 Ne7 37. Red2 Kh7 38. c4 dxc4 39. Qxc4 e3 40. Rd3 Nc6 41. Nxc6 Rxd3 42. Rxd3 e2 43. Rd7+ Kh6 44. Rd6 Qh4 45. Ne5 Rxe5 46. Rxg6+ Kxg6 47. Qg8+ Kh6 48. Qh8+ 1/2-1/2

[Event "9th RTU Open 2019"]
[Site "Riga"]
[Date "2019.08.08"]
[Round "5.14"]
[White "Dastan, Muhammed Batuhan"]
[Black "Jackson, James P"]
[Result "1-0"]
[ECO "C55"]
[WhiteElo "2565"]
[BlackElo "2389"]
[Annotator "ChessBase"]
[PlyCount "91"]
[EventDate "2019.08.05"]
[EventType "swiss"]
[EventCountry "LAT"]
[SourceTitle "playchess.com"]
[Source "ChessBase"]
[SourceQuality "1"]
[TimeControl "5400+30"]

1. e4 e5 2. Nf3 Nc6 3. Bc4 Nf6 4. d3 Be7 5. O-O O-O 6. h3 d6 7. a4 h6 8. Re1 Be6 9. a5 Bxc4 10. dxc4 a6 11. Nc3 Nh7 12. Nd5 f5 13. exf5 Rxf5 14. Qd3 Qc8 15. c5 Bd8 16. Nd2 Ng5 17. h4 Nf7 18. g3 e4 19. Rxe4 Nfe5 20. Qb3 Kh7 21. Ne3 Rf8 22. f4 Nd7 23. cxd6 Nc5 24. Qd5 cxd6 25. Rc4 Bxa5 26. Ne4 Bb6 27. Nxd6 Qh3 28. Rxc5 Qxg3+ 29. Ng2 Rad8 30. Be3 Qg6 31. Rd1 Rf6 32. h5 Qg4 33. Qe4+ Kg8 34. Rcd5 Re6 35. Qxe6+ Qxe6 36. Bxb6 Rd7 37. Bc5 Qg4 38. Re1 Re7 39. Ne4 Re6 40. Re3 Re8 41. Nf6+ gxf6 42. Rxe8+ Kf7 43. Re3 b6 44. Bxb6 Nb4 45. Rc5 Qd1+ 46. Kh2 1-0

[Event "9th RTU Open 2019"]
[Site "Riga"]
[Date "2019.08.08"]
[Round "5.15"]
[White "Gokerkan, Cem Kaan"]
[Black "Wagner, Dennis"]
[Result "1/2-1/2"]
[ECO "C54"]
[WhiteElo "2415"]
[BlackElo "2579"]
[Annotator "ChessBase"]
[PlyCount "75"]
[EventDate "2019.08.05"]
[EventType "swiss"]
[EventCountry "LAT"]
[SourceTitle "playchess.com"]
[Source "ChessBase"]
[SourceQuality "1"]
[TimeControl "5400+30"]

1. e4 e5 2. Nf3 Nc6 3. Bc4 Bc5 4. c3 Nf6 5. d3 d6 6. O-O a6 7. a4 h6 8. h3 Ba7 9. Be3 Bxe3 10. fxe3 O-O 11. Nbd2 Ne7 12. Nh4 d5 13. exd5 Nexd5 14. Qe2 c6 15. a5 b5 16. Bb3 Be6 17. d4 exd4 18. exd4 Re8 19. Qf2 Ne3 20. Rfe1 Bxb3 21. Nxb3 Ne4 22. Qxe3 Qxh4 23. Nc5 Nxc5 24. Qxe8+ Rxe8 25. Rxe8+ Kh7 26. dxc5 Qc4 27. Kh1 Qxc5 28. Ra8 Qf2 29. b4 Qb2 30. Rf1 Qxc3 31. Rxa6 Qxb4 32. Rxc6 Qxa5 33. Rxf7 Qe1+ 34. Kh2 Qe8 35. Rcc7 Qe5+ 36. Kh1 b4 37. Rb7 h5 38. Rb6 1/2-1/2

[Event "9th RTU Open 2019"]
[Site "Riga"]
[Date "2019.08.08"]
[Round "5.16"]
[White "Lalith Babu M R"]
[Black "Nesteretz, Anatoliy"]
[Result "1-0"]
[ECO "D47"]
[WhiteElo "2580"]
[BlackElo "2387"]
[Annotator "ChessBase"]
[PlyCount "59"]
[EventDate "2019.08.05"]
[EventType "swiss"]
[EventCountry "LAT"]
[SourceTitle "playchess.com"]
[Source "ChessBase"]
[SourceQuality "1"]
[TimeControl "5400+30"]

1. d4 Nf6 2. c4 e6 3. Nf3 d5 4. Nc3 c6 5. e3 Nbd7 6. Bd3 dxc4 7. Bxc4 b5 8. Bd3 Bb7 9. e4 b4 10. Na4 c5 11. e5 Nd5 12. O-O cxd4 13. Nxd4 g6 14. Qg4 Bg7 15. Bg5 Nxe5 16. Nxe6 Nxg4 17. Bb5+ Qd7 18. Nxg7+ Kf8 19. Bxd7 h6 20. Bxg4 hxg5 21. Nc5 Nf6 22. Nge6+ fxe6 23. Bxe6 Re8 24. Rad1 Rh7 25. f4 g4 26. f5 Rc7 27. fxg6 Kg7 28. Bf7 Re2 29. Ne6+ Kh6 30. Rxf6 1-0

[Event "9th RTU Open 2019"]
[Site "Riga"]
[Date "2019.08.08"]
[Round "5.17"]
[White "Gretarsson, Helgi Ass"]
[Black "Gukesh D"]
[Result "0-1"]
[ECO "A50"]
[WhiteElo "2412"]
[BlackElo "2520"]
[Annotator "ChessBase"]
[PlyCount "80"]
[EventDate "2019.08.05"]
[EventType "swiss"]
[EventCountry "LAT"]
[SourceTitle "playchess.com"]
[Source "ChessBase"]
[SourceQuality "1"]
[TimeControl "5400+30"]

1. d4 Nf6 2. c4 b6 3. f3 Nc6 4. Nc3 e5 5. d5 Ne7 6. e4 Ng6 7. Be3 Bc5 8. Qd2 d6 9. Nge2 a5 10. h4 Ba6 11. h5 Ne7 12. b3 Nd7 13. g4 a4 14. Nxa4 Bxe3 15. Qxe3 Bxc4 16. Nec3 Bxf1 17. Kxf1 O-O 18. Kg2 c6 19. dxc6 Nxc6 20. Nb5 Nc5 21. Nac3 Nb4 22. Rad1 Ne6 23. Rxd6 Nf4+ 24. Kf1 Qe7 25. Rh2 Rfd8 26. Rxd8+ Rxd8 27. a3 Rd3 28. Qxb6 Rxf3+ 29. Ke1 Nbd3+ 30. Kd2 h6 31. Kc2 Qd7 32. Qg1 Nh3 33. Qd1 Nhf2 34. Qe2 Nxg4 35. Rg2 Ne1+ 36. Kb2 Nd3+ 37. Kb1 Rf4 38. Rg3 Nc5 39. b4 Nb3 40. Nd5 Rxe4 0-1

[Event "9th RTU Open 2019"]
[Site "Riga"]
[Date "2019.08.08"]
[Round "5.18"]
[White "Keinanen, Toivo"]
[Black "Stany, G.A."]
[Result "1-0"]
[ECO "D90"]
[WhiteElo "2386"]
[BlackElo "2525"]
[Annotator "ChessBase"]
[PlyCount "67"]
[EventDate "2019.08.05"]
[EventType "swiss"]
[EventCountry "LAT"]
[SourceTitle "playchess.com"]
[Source "ChessBase"]
[SourceQuality "1"]
[TimeControl "5400+30"]

1. d4 Nf6 2. c4 g6 3. Nc3 d5 4. Nf3 Bg7 5. h4 c6 6. cxd5 cxd5 7. Bf4 Nc6 8. e3 O-O 9. Qb3 Na5 10. Qb4 b6 11. Ne5 Ng4 12. Nxg4 Bxg4 13. f3 Be6 14. h5 f6 15. hxg6 hxg6 16. Bd3 Bf7 17. O-O-O Qd7 18. Rh2 Nc4 19. Rdh1 Rfc8 20. Bh6 f5 21. Bxg7 Kxg7 22. Rh7+ Kf8 23. g4 Nxe3 24. gxf5 Nxf5 25. Kb1 Qd6 26. Rh8+ Kg7 27. R8h7+ Kf6 28. Qb3 Nxd4 29. Ne4+ Ke6 30. Ng5+ Kf6 31. Rxf7+ Kxg5 32. Qd1 Nf5 33. Qd2+ Qf4 34. Rg1+ 1-0

[Event "9th RTU Open 2019"]
[Site "Riga"]
[Date "2019.08.08"]
[Round "5.19"]
[White "Galchenko, Matvey"]
[Black "Vishnu Prasanna. V"]
[Result "1/2-1/2"]
[ECO "A07"]
[WhiteElo "2383"]
[BlackElo "2505"]
[Annotator "ChessBase"]
[PlyCount "79"]
[EventDate "2019.08.05"]
[EventType "swiss"]
[EventCountry "LAT"]
[SourceTitle "playchess.com"]
[Source "ChessBase"]
[SourceQuality "1"]
[TimeControl "5400+30"]

1. Nf3 d5 2. g3 Nd7 3. Bg2 e5 4. d3 Bd6 5. O-O Ne7 6. e4 c6 7. exd5 cxd5 8. Re1 O-O 9. c4 d4 10. Nbd2 Nc6 11. a3 Nc5 12. Ne4 Nxe4 13. Rxe4 a5 14. Rb1 Re8 15. Re1 Bg4 16. h3 Bh5 17. Qc2 Bf8 18. Bd2 e4 19. dxe4 d3 20. Qc3 Bxf3 21. Bxf3 Ne5 22. Bg2 Rc8 23. Qxa5 Qxa5 24. Bxa5 Nxc4 25. Bc3 Nxa3 26. Rbc1 b5 27. Red1 b4 28. Bxb4 Rxc1 29. Rxc1 Bxb4 30. bxa3 d2 31. Rd1 Bc3 32. Rb1 f5 33. Kf1 Bb2 34. Ke2 Bc1 35. Rb3 fxe4 36. Kd1 Rf8 37. Bxe4 Rxf2 38. Rf3 Rxf3 39. Bxf3 Bxa3 40. Kxd2 1/2-1/2

[Event "9th RTU Open 2019"]
[Site "Riga"]
[Date "2019.08.08"]
[Round "5.20"]
[White "Hedman, Erik"]
[Black "Stremavicius, Titas"]
[Result "0-1"]
[ECO "A81"]
[WhiteElo "2373"]
[BlackElo "2474"]
[Annotator "ChessBase"]
[PlyCount "72"]
[EventDate "2019.08.05"]
[EventType "swiss"]
[EventCountry "LAT"]
[SourceTitle "playchess.com"]
[Source "ChessBase"]
[SourceQuality "1"]
[TimeControl "5400+30"]

1. d4 f5 2. g3 Nf6 3. Bg2 g6 4. Nf3 Bg7 5. O-O O-O 6. b3 b6 7. Ne5 c6 8. Bb2 Bb7 9. Nd2 d5 10. c4 Nbd7 11. Nd3 e6 12. a4 a5 13. Ba3 Re8 14. Rc1 Ne4 15. Nf3 dxc4 16. bxc4 c5 17. e3 Qc7 18. Bb2 Rac8 19. Re1 Ba6 20. Nd2 Nxd2 21. Qxd2 cxd4 22. Bxd4 Bxd4 23. exd4 Qd6 24. Nb2 e5 25. Bd5+ Kg7 26. dxe5 Nxe5 27. Qd4 Qf6 28. Kg2 Nd7 29. Qd2 Nc5 30. Rxe8 Rxe8 31. Re1 Rxe1 32. Qxe1 Bc8 33. Nd1 Bd7 34. Nc3 Nxa4 35. Nxa4 Bxa4 36. c5 Bc6 0-1

[Event "9th RTU Open 2019"]
[Site "Riga"]
[Date "2019.08.08"]
[Round "5.21"]
[White "Jurcik, Marian"]
[Black "Larkin, Vladyslav"]
[Result "1/2-1/2"]
[ECO "D15"]
[WhiteElo "2501"]
[BlackElo "2385"]
[Annotator "ChessBase"]
[PlyCount "45"]
[EventDate "2019.08.05"]
[EventType "swiss"]
[EventCountry "LAT"]
[SourceTitle "playchess.com"]
[Source "ChessBase"]
[SourceQuality "1"]
[TimeControl "5400+30"]

1. d4 d5 2. c4 c6 3. Nf3 Nf6 4. Nc3 Bf5 5. cxd5 Nxd5 6. Nd2 e5 7. e4 Nxc3 8. bxc3 Bg6 9. dxe5 Qa5 10. Qb3 Nd7 11. e6 Nc5 12. exf7+ Bxf7 13. Qc2 Qa4 14. Qb1 Bd6 15. Be2 O-O-O 16. O-O Rhe8 17. f3 Be5 18. Qb2 Qa5 19. Nb3 Nxb3 20. axb3 Qc5+ 21. Kh1 Bxc3 22. Qa3 Qxa3 23. Rxa3 1/2-1/2

[Event "9th RTU Open 2019"]
[Site "Riga"]
[Date "2019.08.08"]
[Round "5.22"]
[White "Zanan, Evgeny"]
[Black "Narva, Mai"]
[Result "1-0"]
[ECO "D85"]
[WhiteElo "2505"]
[BlackElo "2358"]
[Annotator "ChessBase"]
[PlyCount "113"]
[EventDate "2019.08.05"]
[EventType "swiss"]
[EventCountry "LAT"]
[SourceTitle "playchess.com"]
[Source "ChessBase"]
[SourceQuality "1"]
[TimeControl "5400+30"]

1. d4 Nf6 2. c4 g6 3. Nc3 d5 4. cxd5 Nxd5 5. e4 Nxc3 6. bxc3 Bg7 7. Be3 c5 8. Qd2 Qa5 9. Rc1 O-O 10. Nf3 e6 11. Be2 Rd8 12. Bg5 f6 13. Be3 Nc6 14. Rd1 b5 15. O-O f5 16. exf5 exf5 17. Qb2 c4 18. a4 a6 19. axb5 Qxb5 20. Qa2 Na5 21. Rb1 Nb3 22. Nd2 Be6 23. Bxc4 Bxc4 24. Nxc4 Qxc4 25. Qxb3 Rac8 26. g3 a5 27. Rfc1 a4 28. Qxc4+ Rxc4 29. Kf1 Bf8 30. Ke2 Rdc8 31. Kd3 a3 32. Ra1 Kf7 33. Bd2 Bd6 34. Rcb1 R8c7 35. Rb6 Be7 36. Ra6 g5 37. Rb1 h5 38. Rb5 f4 39. gxf4 gxf4 40. Rxh5 R4c6 41. Rxc6 Rxc6 42. Ra5 f3 43. c4 Rb6 44. c5 Rb3+ 45. Ke4 Rb2 46. Be3 a2 47. Kxf3 Ke6 48. Ke4 Bf6 49. Ra6+ Kd7 50. Kd5 Kc7 51. c6 Rb5+ 52. Ke6 Rb6 53. Rxa2 Rxc6+ 54. Kf5 Bh4 55. Ra7+ Kc8 56. Rh7 Bd8 57. h4 1-0

[Event "9th RTU Open 2019"]
[Site "Riga"]
[Date "2019.08.08"]
[Round "5.23"]
[White "Mikaelyan, Arman"]
[Black "Dordzhieva, Dinara"]
[Result "1-0"]
[ECO "B31"]
[WhiteElo "2454"]
[BlackElo "2306"]
[Annotator "ChessBase"]
[PlyCount "147"]
[EventDate "2019.08.05"]
[EventType "swiss"]
[EventCountry "LAT"]
[SourceTitle "playchess.com"]
[Source "ChessBase"]
[SourceQuality "1"]
[TimeControl "5400+30"]

1. e4 c5 2. Nc3 Nc6 3. Bb5 Nd4 4. Nf3 g6 5. Nxd4 cxd4 6. Ne2 Bg7 7. O-O e5 8. d3 Nf6 9. f4 O-O 10. fxe5 Ng4 11. Bc4 Nxe5 12. Bd5 d6 13. h3 Qb6 14. a4 a5 15. Ra3 Rb8 16. Rb3 Qc5 17. Kh1 Bd7 18. c3 Nc6 19. Rb5 Qa7 20. Bf4 Be5 21. Bxc6 bxc6 22. Rxe5 dxe5 23. Bxe5 Rxb2 24. Bxd4 Qc7 25. Bf6 Rfb8 26. c4 Rb1 27. Nc1 h6 28. Qd2 Kh7 29. Bc3 Be6 30. Qe3 c5 31. Qf2 Qe7 32. h4 R8b7 33. Qf4 Rb8 34. Kg1 Rg8 35. Qe5 g5 36. h5 g4 37. Bd2 Qh4 38. g3 Qe7 39. Rf6 Qf8 40. Qf4 Rg5 41. Rxe6 Rxh5 42. Rf6 Kg8 43. e5 Qg7 44. Kg2 Rb2 45. Ne2 Qg5 46. e6 Qxf4 47. exf7+ Kf8 48. Bxf4 Rxe2+ 49. Kf1 Re7 50. Bd6 Rhe5 51. Bxe5 Rxe5 52. Kf2 h5 53. Ra6 Kxf7 54. Rxa5 Ke6 55. Ra6+ Kf5 56. Rc6 Kg5 57. Rc8 Rf5+ 58. Kg2 Re5 59. a5 h4 60. Rg8+ Kf5 61. Rf8+ Kg5 62. gxh4+ Kxh4 63. Rh8+ Kg5 64. a6 Re2+ 65. Kg3 Re3+ 66. Kf2 Rf3+ 67. Kg2 Rf7 68. Rc8 Kf4 69. Rxc5 Re7 70. Ra5 g3 71. a7 Re2+ 72. Kf1 g2+ 73. Kg1 Kg3 74. Ra1 1-0

[Event "9th RTU Open 2019"]
[Site "Riga"]
[Date "2019.08.08"]
[Round "5.24"]
[White "Baum, Jonasz"]
[Black "Kjartansson, Gudmundur"]
[Result "0-1"]
[ECO "E62"]
[WhiteElo "2308"]
[BlackElo "2470"]
[Annotator "ChessBase"]
[PlyCount "68"]
[EventDate "2019.08.05"]
[EventType "swiss"]
[EventCountry "LAT"]
[SourceTitle "playchess.com"]
[Source "ChessBase"]
[SourceQuality "1"]
[TimeControl "5400+30"]

1. d4 Nf6 2. c4 g6 3. Nf3 Bg7 4. g3 O-O 5. Bg2 d6 6. O-O Nc6 7. Nc3 Bf5 8. Ne1 Bd7 9. e4 e5 10. d5 Nd4 11. Nc2 Re8 12. f4 c6 13. Qd3 cxd5 14. fxe5 dxe5 15. cxd5 Qb6 16. Kh1 Rac8 17. Rb1 Rxc3 18. Qxc3 Rc8 19. Qb4 Rxc2 20. Qxb6 axb6 21. Be3 Ng4 22. Bg1 Bh6 23. h3 Ne2 24. Rf3 Nxg1 25. Rc3 Ne2 26. hxg4 Nxc3 27. bxc3 Be3 28. Rb3 Bxg4 29. c4 Rc1+ 30. Kh2 Bg1+ 31. Kh1 Bc5+ 32. Kh2 Rxc4 33. Rd3 Rc2 34. Kh1 Kf8 0-1

[Event "9th RTU Open 2019"]
[Site "Riga"]
[Date "2019.08.08"]
[Round "5.25"]
[White "Rehn, Ralf"]
[Black "Usmanov, Vasily"]
[Result "0-1"]
[ECO "B52"]
[WhiteElo "2161"]
[BlackElo "2443"]
[Annotator "NA"]
[PlyCount "110"]
[EventDate "2019.08.05"]
[EventType "swiss"]
[EventCountry "LAT"]
[SourceTitle "playchess.com"]
[Source "ChessBase"]
[SourceQuality "1"]
[TimeControl "5400+30"]

1. e4 c5 2. Nf3 d6 3. d4 Nf6 4. Bb5+ Bd7 5. Bxd7+ Qxd7 6. Nc3 cxd4 7. Nxd4 Nc6 8. O-O g6 9. Nxc6 bxc6 10. e5 dxe5 11. Qe2 Bg7 12. Qxe5 O-O 13. Qc5 Rfd8 14. Be3 Nd5 15. Rad1 Qb7 16. Na4 e5 17. b3 Bf8 18. Qc4 Nxe3 19. fxe3 Rxd1 20. Rxd1 Qb5 21. Nb2 Ba3 22. Rd7 Rf8 23. Qxb5 cxb5 24. Nd3 e4 25. Ne5 f5 26. Nc6 Bc5 27. Nd4 Rc8 28. Kf1 a6 29. Ne6 Bxe3 30. Ke2 Bg1 31. Rg7+ Kh8 32. Rc7 Re8 33. Ng5 Kg8 34. Nf7 Rf8 35. Nh6+ Kh8 36. Nf7+ Kg7 37. Ng5+ Kg8 38. h4 h6 39. Ne6 Rf7 40. Rc8+ Kh7 41. h5 gxh5 42. Rc7 Rxc7 43. Nxc7 h4 44. Nxa6 f4 45. Kf1 Bd4 46. c3 Bb6 47. Nb4 f3 48. Nc2 h3 49. gxh3 Kg6 50. a4 bxa4 51. bxa4 Kf5 52. Nd4+ Kf4 53. Ne6+ Kg3 54. c4 e3 55. c5 e2+ 0-1